 Dungeon Crawl Stone Soup version 0.14.0-17-gc0b17a5 (webtiles) character file.

807 staplegun the Cudgeler (level 7, -11/67 HPs)
             Began as a Gargoyle Berserker on Apr 18, 2014.
             Was a Priest of Trog.
             Mangled by a wyvern (16 damage)
             ... on Level 4 of the Dungeon.
             The game lasted 00:06:01 (3825 turns).

staplegun the Cudgeler (Gargoyle Berserker)         Turns: 3825, Time: 00:06:01

HP -11/67        AC  8     Str 27      XL: 7   Next: 58%
MP   7/7         EV 10     Int  8      God: Trog [***...]
Gold 135         SH  5     Dex  6 (9)  Spells:  0 memorised,  6 levels left

rFire  . . .     SeeInvis .     n - +0 whip
rCold  . . .     Clarity  .     b - +0 animal skin
rNeg   + . .     Conserve .     l - +0 buckler
rPois  +         rCorr    .     o - +0 hat
rElec  +         rRot     +     r - +0 cloak
SustAb . .       Spirit   .     (no gloves)
rMut   .         Warding  .     (no boots)
Saprov . . .     Stasis   .     (no amulet)
MR     .....                    (no ring)
                                (no ring)

@: berserking, very quick, not resistant to hostile enchantments, extremely
unstealthy
A: life protection 1, electricity resistance, unbreathing, petrification
resistance, AC +4
a: Burn Spellbooks, Berserk, Trog's Hand, Renounce Religion


You were on level 4 of the Dungeon.
You worshipped Trog.
Trog was most pleased with you.
You were not hungry.

You visited 1 branch of the dungeon, and saw 4 of its levels.

You collected 135 gold pieces.

Inventory:

Hand weapons
 a - a +0,+0 mace
 n - a +0,+0 whip (weapon)
Armour
 b - a +0 animal skin (worn)
 l - a +0 buckler (worn)
 o - a +0 hat (worn)
 r - a +0 cloak (worn)
Comestibles
 c - a bread ration
 j - 2 apples
 q - a choko
 t - a pear
Scrolls
 d - 4 scrolls of identify {unknown}
 f - a scroll of amnesia {unknown}
 g - a scroll of enchant weapon I {unknown}
 i - a scroll of noise {unknown}
 p - a scroll of fog {unknown}
 s - 2 scrolls of remove curse {unknown}
Jewellery
 e - a +4,+3 ring of slaying {unknown}
 m - an uncursed ring of fire {unknown}
 u - a +3 ring of protection {unknown}
Potions
 h - a potion of haste
 k - a potion of curing


   Skills:
 + Level 5.9 Fighting
 + Level 6.0 Maces & Flails
 + Level 5.5 Armour
 - Level 1.5 Dodging


You had 6 spell levels left.
You didn't know any spells.

Dungeon Overview and Level Annotations

Branches:
Dungeon (4/15)
 Temple: D:4-7

Altars:
Ashenzari
Makhleb
Xom

Shops:
D:4 =

Annotations:
D:4 Edmund; Pikel; SomeoneAwful's ghost, average OpBe


Innate Abilities, Weirdness & Mutations

You are resistant to torment.
You are immune to poison.
You are immune to rotting.
Your stone body is very resilient (AC +4).
You resist negative energy.
You are resistant to electric shocks.
You can survive without breathing.
You are immune to petrification.


Message History

Use which ability? (? or * to list)
A red film seems to cover your vision as you go berserk!
You feel yourself moving faster!
You feel mighty!
You feel quite a bit more hungry.
The wyvern bites you but does no damage.
You whack the wyvern!
The wyvern is heavily wounded.
The wyvern bites you.
* * * LOW HITPOINT WARNING * * *
You whack the wyvern!
The wyvern is almost dead.
The wyvern closely misses you.
You hit the wyvern.
The wyvern is almost dead.
The wyvern closely misses you.
Unknown command.
You closely miss the wyvern.
The wyvern is almost dead.
The wyvern bites you!
You die...

... #.# #.# #># #.#
#.# #.# ##########D#
#<....%..@.#
#######........#≈..§
#.....#.........≈.§§§
#.⌠.⌠.#........#≈..§
#..∩..#........#≈≈.).
#.⌠.⌠.##.####### ≈≈≈
#.....##.# #
###'####.# #[.....#


You could see a wyvern.

Vanquished Creatures
  Eustachio (D:4)
  A centaur (D:3)
  A sky beast (D:3)
  Crazy Yiuf (D:3)
  2 orc priests (D:3)
  An orc wizard (D:3)
  A worker ant (D:4)
  5 adders
  7 gnolls (D:3)
  2 green rats
  2 giant mites
  An inept feature mimic (D:2)
  A giant gecko (D:2)
  2 oozes
  7 orcs (D:3)
  2 ball pythons
  4 giant cockroaches
  12 goblins
  7 hobgoblins
  7 kobolds
  2 quokkas
  12 bats
  6 giant newts
  13 rats
100 creatures vanquished.

Vanquished Creatures (others)
  A giant cockroach (D:4)
  3 goblins (D:4)
  A hobgoblin (D:3)
  A jackal (D:4)
6 creatures vanquished.

Grand Total: 106 creatures vanquished

Notes
Turn   | Place    | Note
--------------------------------------------------------------
     0 | D:1      | staplegun, the Gargoyle Berserker, began the quest for the Orb.
     0 | D:1      | Reached XP level 1. HP: 14/14 MP: 1/1
    48 | D:1      | Reached XP level 2. HP: 12/19 MP: 2/2
   402 | D:1      | Reached XP level 3. HP: 14/23 MP: 3/3
   431 | D:1      | Reached skill level 4 in Maces & Flails
   573 | D:1      | Acquired Trog's second power
  1077 | D:2      | Reached XP level 4. HP: 16/29 MP: 4/4
  1520 | D:2      | Found a burning altar of Makhleb.
  1520 | D:2      | Noticed a balrug
  1523 | D:2      | Noticed a neqoxec
  1523 | D:2      | Noticed a smoke demon
  1672 | D:3      | Found a shattered altar of Ashenzari.
  1740 | D:3      | Reached XP level 5. HP: 24/34 MP: 5/5
  2119 | D:3      | Noticed a sky beast
  2130 | D:3      | Killed a sky beast
  2130 | D:3      | Reached XP level 6. HP: 24/40 MP: 6/6
  2220 | D:3      | Noticed a centaur
  2231 | D:3      | Killed a centaur
  2231 | D:3      | Reached skill level 5 in Fighting
  2231 | D:3      | Reached skill level 5 in Maces & Flails
  2244 | D:3      | Noticed Crazy Yiuf
  2256 | D:3      | Killed Crazy Yiuf
  2335 | D:3      | HP: 3/60 [orc/dagger (4)]
  2835 | D:3      | Reached XP level 7. HP: 15/44 MP: 7/7
  3057 | D:3      | Reached skill level 5 in Armour
  3392 | D:4      | Noticed Eustachio
  3651 | D:4      | Killed Eustachio
  3651 | D:4      | Reached skill level 6 in Maces & Flails
  3706 | D:4      | Noticed Pikel
  3708 | D:4      | Noticed Edmund
  3710 | D:4      | Noticed SomeoneAwful's ghost (average OpBe)
  3793 | D:4      | Found Taiqaw's Jewellery Shop.
  3810 | D:4      | Found a shimmering altar of Xom.
  3812 | D:4      | Noticed a wyvern
  3825 | D:4      | Mangled by a wyvern

Action                   |  1- 3 |  4- 6 |  7- 9 || total
-------------------------+-------+-------+-------++-------
Melee: Mace              |   104 |   186 |     6 ||   296
       Whip              |       |       |   165 ||   165
Invok: Berserk           |       |     3 |     2 ||     5
       Trog's Hand       |       |     1 |       ||     1
  Use: Potion            |       |     1 |     2 ||     3
 Stab: Sleeping          |     1 |       |       ||     1
